 Dungeon Crawl Stone Soup version 0.18.1-5-g4a78601 (webtiles) character file.

28 Gargoyl the Skirmisher (level 3, -5/43 HPs)
             Began as a Demonspawn Abyssal Knight on May 13, 2016.
             Was a Follower of Lugonu.
             Succumbed to a goblin's poison
             ... on level 1 of the Dungeon.
             The game lasted 00:02:01 (1093 turns).

Gargoyl the Skirmisher (Demonspawn Abyssal Knight)  Turns: 1093, Time: 00:02:02

Health: -5/43      AC: 10    Str: 18    XL:     3   Next: 0%
Magic:  4/4        EV:  2    Int: 13    God:    Lugonu [*.....]
Gold:   193        SH: 11    Dex: 12    Spells: 0 memorised, 2 levels left

rFire  . . .     SeeInvis .     a - +1 hand axe
rCold  . . .     Gourm    .     i - +0 chain mail
rNeg   . . .     Faith    .     l - +0 large shield (curse)
rPois  .         Spirit   .     (no helmet)
rElec  .         Dismiss  .     (no cloak)
rCorr  .         Reflect  .     (no gloves)
SustAt .         Harm     +     (no boots)
MR     .....                    g - amulet of harm
Stlth  ..........               (no ring)
                                (no ring)

@: berserking, lethally poisoned (-5 -> -61), very quick, not resistant to
hostile enchantments, extremely unstealthy
A: yellow scales 1, nightstalker 1
a: Depart the Abyss, Renounce Religion


You were on level 1 of the Dungeon.
You worshipped Lugonu.
Lugonu was aware of your devotion.
You were not hungry.

You visited 1 branch of the dungeon, and saw 1 of its levels.
You visited the Abyss 1 time.

You collected 193 gold pieces.

Inventory:

Hand Weapons
 a - a +1 hand axe (weapon)
Armour
 i - a +0 chain mail (worn)
 l - a cursed +0 large shield (worn)
Jewellery
 g - an amulet of harm (around neck)
Wands
 d - a wand of random effects (27/48)
Scrolls
 b - a scroll of amnesia {unknown}
 e - a scroll of teleportation {unknown}
 f - a scroll of identify {unknown}
 h - a scroll of recharging {unknown}
Potions
 j - a potion of heal wounds {unknown}
Comestibles
 c - a bread ration


   Skills:
 + Level 3.5 Fighting
 + Level 2.2 Axes
 * Level 2.1 Armour
 + Level 1.1 Dodging
 + Level 2.4 Invocations


You had 2 spell levels left.
You didn't know any spells.

Dungeon Overview and Level Annotations

Branches:
Dungeon (1/15)

Altars:


Innate Abilities, Weirdness & Mutations

You are partially covered in yellow scales (AC +2).
You are slightly more attuned to the shadows.


Message History

You feel very sick. The goblin hits you but does no damage.
You are more poisoned.
You closely miss the goblin.
* * * LOW HITPOINT WARNING * * *
You feel very sick. The goblin hits you but does no damage.
You barely miss the goblin.
* * * LOW HITPOINT WARNING * * *
You feel very sick.
The goblin hits you with a dagger of venom.
* * * LOW HITPOINT WARNING * * *
You are more poisoned.
The goblin hits you but does no damage.
You are more poisoned.
Drink which item? (? for menu, Esc to quit)
It was a potion of berserk rage.
A red film seems to cover your vision as you go berserk!
You feel yourself moving faster!
You feel mighty!
You die...

### #.. #.#
#.#
#####.####.#
#....@......
#.###g##....
#.# #.# .. #.#
#.$
#######.######
.........#
##.#####.####
##+##
#....###...##
#.##.##.....##


You could see a goblin.

Vanquished Creatures
  4 dart slugs (D:1)
  2 giant cockroaches (D:1)
  3 goblins (D:1)
  3 hobgoblins (D:1)
  3 bats (D:1)
  A giant newt (D:1)
  2 kobolds (D:1)
  2 rats (D:1)
20 creatures vanquished.

Notes
Turn   | Place    | Note
--------------------------------------------------------------
     0 | Abyss:1  | Gargoyl the Demonspawn Abyssal Knight began the quest for the Orb.
     0 | Abyss:1  | Reached XP level 1. HP: 18/18 MP: 2/2
     3 | Abyss:1  | Found a corrupted altar of Lugonu.
    29 | Abyss:2  | Found a corrupted altar of Lugonu.
    65 | Abyss:2  | Found a corrupted altar of Lugonu.
    83 | Abyss:2  | Noticed an iron imp
    87 | Abyss:2  | Noticed a vampire
    89 | Abyss:2  | Noticed a tentacled starspawn
    89 | D:1      | Escaped the Abyss
   737 | D:1      | Gained mutation: You are partially covered in yellow scales (AC +2). [demonic ancestry]
   737 | D:1      | Reached XP level 2. HP: 24/24 MP: 3/3
   767 | D:1      | Reached * piety under Lugonu
   883 | D:1      | Reached skill level 1 in Dodging
  1078 | D:1      | Gained mutation: You are slightly more attuned to the shadows. [demonic ancestry]
  1078 | D:1      | Reached XP level 3. HP: 28/29 MP: 4/4
  1092 | D:1      | HP: 1/29 [goblin/dagger of venom (3)]
  1093 | D:1      | Succumbed to a goblin's poison

Skill      XL: |  1  2 |
---------------+-------+-----
Axes           | 2 |  2.2
Armour         | 2 |  2.1
Dodging        | 1 |  1.1
Fighting       | |  3.5
Invocations    | |  2.4

Action                   || total
-------------------------++-------
Melee: Hand axe          ||    81
Invok: Depart the Abyss  ||     1
  Use: Potion            ||     1
  Eat: Chunk             ||     1
Armor: Chain mail        ||    39
       Leather armour    ||     4
Dodge: Dodged            ||    34
Block: Large shield      ||     4
